 Dungeon Crawl Stone Soup version 0.24.0-1-gfbc8707 (webtiles) character file.

Game seed: 14175559883090232332, levelgen mode: deterministic

1098 Fang the Skirmisher (level 8, -5/76 HPs)
             Began as a Gargoyle Berserker on Oct 31, 2019.
             Was a Priest of Trog.
             Slain by an ogre
             ... wielding a +4 great mace
              (9 damage)
             ... on level 5 of the Dungeon.
             The game lasted 00:04:55 (4313 turns).

Fang the Skirmisher (Gargoyle Berserker)            Turns: 4313, Time: 00:04:55

Health: -5/76      AC: 10    Str: 28    XL:     8   Next: 32%
Magic:  8/8        EV: 13    Int:  8    God:    Trog [***...]
Gold:   353        SH:  0    Dex:  9    Spells: 7/7 levels left

rFire    . . .     SeeInvis .   a - +0 hand axe
rCold    . . .     Gourm    .   (no shield)
rNeg     + . .     Faith    .   b - +0 animal skin
rPois    ∞         Spirit   .   (no helmet)
rElec    +         Reflect  .   (no cloak)
rCorr    .         Harm     .   x - +1 pair of gloves
MR       .....                  (no boots)
Stlth    ..........             (no amulet)
HPRegen  0.22/turn              (no ring)
MPRegen  0.11/turn              (no ring)

@: berserking, very quick
A: negative energy resistance 1, electricity resistance, unbreathing,
petrification resistance, rot immunity, AC +5
a: Berserk, Trog's Hand, Renounce Religion


You were on level 5 of the Dungeon.
You worshipped Trog.
Trog was most pleased with you.
You were very hungry.

You visited 1 branch of the dungeon, and saw 5 of its levels.
You also visited: Ossuary.

You collected 353 gold pieces.

Inventory:

Hand Weapons
 a - a +0 hand axe (weapon)
Armour
 b - a +0 animal skin (worn)
 x - a +1 pair of gloves (worn)
Jewellery
 q - a +4 ring of dexterity {unknown}
Wands
 n - a wand of random effects (12)
Scrolls
 e - 2 scrolls of teleportation {unknown}
 j - 4 scrolls of identify {unknown}
 k - 2 scrolls of amnesia {unknown}
 l - a scroll of enchant armour {unknown}
 m - a scroll of magic mapping {unknown}
 o - a scroll of blinking {unknown}
 p - a scroll of remove curse {unknown}
 t - a scroll of enchant weapon {unknown}
 u - a scroll of silence {unknown}
 v - a scroll of fog {unknown}
 w - 3 scrolls of immolation {unknown}
Potions
 d - 4 potions of mutation {unknown}
 f - 4 potions of curing {unknown}
 g - a potion of berserk rage {unknown}
 h - a potion of magic {unknown}
 i - a potion of ambrosia {unknown}
 r - a potion of lignification {unknown}
 s - a potion of resistance {unknown}
Comestibles
 c - 13 rations
 z - 2 chunks of flesh


   Skills:
 + Level 6.1 Fighting
 + Level 5.1 Axes
 + Level 5.5 Armour
 + Level 4.2 Dodging


You had 7 spell levels left.
You didn't know any spells.
Your spell library was empty.

Dungeon Overview and Level Annotations

Branches:
Dungeon (5/15)            Ossuary (visited)
 Temple: D:4-7

Altars:
Ashenzari
Gozag
Makhleb
Wu Jian

Annotations:
D:5 Dazliare's ghost, novice HOMo


Innate Abilities, Weirdness & Mutations

You are resistant to torment.
Your stone body is resilient. (AC +5)
You are immune to poison.
You resist negative energy. (rN+)
You are resistant to electric shocks. (rElec)
You can survive without breathing.
You are immune to petrification.
You are immune to rotting.


Message History

You are too injured to fight recklessly!
You are too injured to fight recklessly!
You are too injured to fight recklessly!
You are too injured to fight recklessly!
A red film seems to cover your vision as you go berserk!
You feel yourself moving faster!
You feel mighty!
You are feeling very hungry.
You closely miss the ogre.
The ogre is heavily wounded.
The ogre barely misses you.
You hit the ogre.
The ogre is severely wounded.
The ogre hits you with a +4 great mace!!
* * * LOW HITPOINT WARNING * * *
You hit the ogre.
The ogre is severely wounded.
You barely miss the ogre.
The ogre is severely wounded.
The ogre hits you with a +4 great mace!
You die...

.....###################
.....'....##.....©....©#
.....####.##.#..#.#..#)#
.(.. #...##..##...##..#
... #.####..##...##..#
.# #.# #.#..#.#..#.# #.#
##....W"(....### #.#
##############..
###.###.....@.©...?..#
#..(........)O..####..
+.....................
#....##.[..........##.
#....##............#
#....##....#.......#
....####....#.......#
......####....#...)...#
.........#....#.......#


You could see an ogre and Dazliare's ghost.

Vanquished Creatures
  Sigmund (D:2)
  3 ogres
  4 scorpions
  A crimson imp (D:5)
  A howler monkey (D:5)
  An orc priest (D:3)
  A human zombie (Ossuary)
  An orc wizard (D:4)
  2 worker ants
  A hound zombie (Ossuary)
  A hound skeleton (D:4)
  4 mummies (Ossuary)
  A worker ant zombie (D:4)
  6 adders
  A gnoll (D:1)
  3 oozes
  An adder zombie (Ossuary)
  A worm (D:3)
  6 dart slugs
  A leopard gecko (D:1)
  6 orcs
  11 bats
  4 giant cockroaches
  8 hobgoblins
  11 jackals
  7 kobolds
  4 quokkas
  3 ball pythons
  4 frilled lizards
  3 gnoll zombies (Ossuary)
  7 goblins
  A goblin zombie (Ossuary)
  A hobgoblin zombie (Ossuary)
  A jackal zombie (Ossuary)
  A kobold zombie (Ossuary)
  An orc zombie (Ossuary)
  6 rats
  A rat zombie (Ossuary)
121 creatures vanquished.

Notes
Turn   | Place    | Note
-------+----------+-------------------------------------------
     0 | D:1      | Fang the Gargoyle Berserker began the quest for the Orb.
     0 | D:1      | Reached XP level 1. HP: 14/14 MP: 1/1
   157 | D:1      | Reached XP level 2. HP: 16/19 MP: 2/2
   310 | D:1      | Reached XP level 3. HP: 21/23 MP: 3/3
   680 | D:2      | Reached ** piety under Trog
   748 | D:2      | Reached XP level 4. HP: 27/29 MP: 4/4
   818 | D:2      | Noticed Sigmund
   831 | D:2      | Killed Sigmund
   831 | D:2      | Reached skill level 4 in Fighting
   831 | D:2      | Reached XP level 5. HP: 20/34 MP: 5/5
   831 | D:2      | Reached XP level 6. HP: 23/39 MP: 6/6
  1015 | D:2      | Found a shattered altar of Ashenzari.
  1618 | D:3      | Found an ornate altar of the Wu Jian Council.
  1760 | D:3      | Reached *** piety under Trog
  2153 | D:3      | Found a burning altar of Makhleb.
  2156 | D:3      | Noticed an Executioner
  2337 | D:4      | Reached skill level 5 in Fighting
  2420 | D:4      | Found an opulent altar of Gozag.
  2470 | D:4      | Reached XP level 7. HP: 43/44 MP: 7/7
  3144 | D:4      | Reached skill level 5 in Armour
  3619 | D:5      | Entered Level 5 of the Dungeon
  3666 | D:5      | Found a sand-covered staircase.
  3671 | Ossuary  | Entered an ossuary
  3688 | Ossuary  | Reached XP level 8. HP: 35/51 MP: 8/8
  4095 | D:5      | Reached skill level 6 in Fighting
  4204 | D:5      | Reached skill level 5 in Axes
  4230 | D:5      | Found a transporter.
  4232 | D:5      | Noticed Dazliare's ghost (novice HOMo)
  4278 | D:5      | Found a transporter.
  4313 | D:5      | Slain by an ogre

Levels and vault maps discovered:
D:1:      dpeg_arrival_rooms_a, layout_basic, st_stairs_11, minmay_pentomino_z2
D:2:      minmay_door_path, layout_basic, nicolae_overflow_crystal_walls,
          uniq_sigmund
D:3:      layout_loops_cross, makhleb_altar_promises_db, old_standard_altar
D:4:      layout_layer_cave, kennysheep_mini, nrook_mini_backslash,
          grunt_tough_drop
D:5:      layout_basic, enter_ossuary_5, gammafunk_ghost_smash, first_ration,
          uniq_prince_ribbit1, uniq_menkaure

Skill      XL: |  1  2  3  4  5  6  7  8 |
---------------+-------------------------+-----
Axes           | 3 4 5 |  5.1
Dodging        | 2 3 4 |  4.2
Fighting       | 4 5 6 |  6.1
Armour         | 3 4 5 |  5.5

Action                   |  1- 3 |  4- 6 |  7- 9 || total
-------------------------+-------+-------+-------++-------
Melee: Hand axe          |    96 |   236 |   217 ||   549
Invok: Berserk           |     1 |     3 |     3 ||     7
 Stab: Sleeping          |       |     1 |       ||     1
  Eat: Chunk             |       |     9 |     8 ||    17
Armor: Animal skin       |    35 |    76 |    70 ||   181
Dodge: Dodged            |    63 |   175 |   163 ||   401
